cohdb
Replays
Latest Replays
All Replays
Popular Replays
Top Player Replays
Match Explorer
How It Works
Community
CoH3 Stats
Reddit
Sign in to upload your games and track your stats! →
Sign in with Steam
Match 45383910
Unlisted
Match 45383910
Overview
Messages
Build Orders
End
Royal Engineer Section
Selects Canadian Shock Battlegroup
Construct Section Command Post
Infantry Section
Infantry Section
Dingo Light Scout Car
Construct Field Infirmary
Selects Attacking Spirit
Selects Canadian Shock Section
ML 3-inch Mortar Team
Construct Platoon Command Post
Vickers Machine Gun Team
Unlock Bishop Self-propelled Artillery
Grenade Package
Unlock M3 Stuart Light Tanks
M3 Stuart Light Tank
Selects Incendiary Munitions
Selects Pyrotechnics
Canadian Shock Section
AI Takeover
matjouz
Young Soldiers(中国)
rice
xebec.8895
0
0
Comments
sign in to comment!
No comments posted yet!